 Dungeon Crawl Stone Soup version 0.29-a0-275-g389c0b56f3 (webtiles) character file.

Game seed: 6508977557979909475

48 EiAlmux the Gusty (level 3, -2/21 HPs)
             Began as a Tengu Air Elementalist on Mar 12, 2022.
             Killed from afar by Natasha (7 damage)
             ... with a magic dart
             ... on level 2 of the Dungeon.
             The game lasted 00:02:46 (1254 turns).

EiAlmux the Gusty (Tengu Air Elementalist)          Turns: 1254, Time: 00:02:46

Health: -2/21      AC:  2    Str:  8    XL:     3   Next: 72%
Magic:  2/7        EV: 12    Int: 17    God:
Gold:   35         SH:  0    Dex: 14    Spells: 3/6 levels left

rFire   . . .      SeeInvis .   e - +4 whip (freeze)
rCold   . . .      Faith    .   (no shield)
rNeg    . . .      Spirit   .   a - +0 robe
rPois   .          Reflect  .   (helmet restricted)
rElec   .          Harm     .   (no cloak)
rCorr   .          Rampage  .   (no gloves)
Will    .....                   (boots unavailable)
Stlth   ++........              (no amulet)
HPRegen 0.07/turn               (no ring)
MPRegen 0.10/turn               (no ring)

@: no status effects
A: beak, talons 3
a: no special abilities


You were on level 2 of the Dungeon.
You visited 1 branch of the dungeon, and saw 2 of its levels.

You collected 35 gold pieces.

Inventory:

Hand Weapons
 c - a +0 dagger
 e - a +4 whip of freezing (weapon)
Armour
 a - a +0 robe (worn)
 k - a +0 pair of gloves
Jewellery
 d - a +4 ring of evasion
Scrolls
 g - a scroll of magic mapping {unknown}
 i - a scroll of summoning {unknown}
 j - 2 scrolls of identify {unknown}
Potions
 f - a potion of attraction {unknown}
 h - a potion of brilliance {unknown}
 l - a potion of lignification {unknown}


   Skills:
 * Level 1.8 Fighting
 - Level 2.1 Dodging
 - Level 2.0 Stealth
 + Level 2.4 Spellcasting
 + Level 2.3 Conjurations
 + Level 4.5 Air Magic


You had 3 spell levels left.
You knew the following spells:

 Your Spells              Type           Power      Damage    Failure   Level
a - Shock                 Conj/Air       52%        1d6       4%          1
b - Static Discharge      Conj/Air       13%        N/A       7%          2

Your spell library contained the following spells:

 Spells                   Type           Power      Damage    Failure   Level
 Swiftness                Air            17%        N/A       9%          3
 Sandblast                Erth           4%         2d4       19%         1
 Passwall                 Tmut/Erth      1%         N/A       28%         2
 Conjure Flame            Conj/Fire      6%         6-21      34%         3
 Stone Arrow              Conj/Erth      12%        3d7       34%         3
 Ignite Poison            Fire/Tmut/Pois 2%         N/A       50%         3
 Airstrike                Air            8%         N/A       28%         4
 Sticky Flame             Conj/Fire      6%         2d3       75%         4


Dungeon Overview and Level Annotations

Branches:
Dungeon (2/15)

Altars:

Annotations:
D:2 Natasha


Innate Abilities, Weirdness & Mutations

You have a beak for a mouth.
You have claws for feet.


Message History

Confirm with . or Enter, or press ? or * to list all spells.
Robin is struck by an arc of lightning!
Robin is heavily wounded.
You are struck by an arc of lightning.
The lightning grounds out.
A goblin comes into view. It is wielding a +0 club. x2
Natasha mumbles some strange words.
Casting: Static Discharge (safe; 8% risk of failure)
Confirm with . or Enter, or press ? or * to list all spells.
Robin is struck by an arc of lightning!
You kill Robin!
You are struck by an arc of lightning.
The lightning grounds out.
The goblin shouts!
The shadow imp grins evilly.
Natasha casts a spell.
A goblin comes into view. It is wielding a +0 club.
You hit the hobgoblin. You freeze the hobgoblin.
Your kick misses the hobgoblin.
The hobgoblin is almost dead.
The hobgoblin hits you.
You hit the hobgoblin. You freeze the hobgoblin.
You kill the hobgoblin!
Natasha mumbles some strange words.
The goblin unwields a +0 club.
The goblin wields a +0 hunting sling.
The goblin shoots a sling bullet.
The sling bullet closely misses you.
The goblin unwields a +0 hunting sling.
The goblin wields a +0 club.
The goblin hits you with a +0 club.
* * * LOW HITPOINT WARNING * * *
Casting: Static Discharge (safe; 7% risk of failure)
Confirm with . or Enter, or press ? or * to list all spells.
The goblin is struck by an arc of lightning.
The goblin is severely wounded.
The goblin is struck by an arc of lightning.
The goblin is severely wounded.
The lightning grounds out.
The goblin is struck by an arc of lightning!
You kill the goblin!
The lightning grounds out.
The goblin closely misses you.
Natasha stares at you and mumbles some strange words.
The magic dart hits you!
You die...

.. #.....# ...# #.....#
.....##....# #.
#.h..5...# #.##.# #5# #
#..#.# #h# #.##.#.# #.#
#.#....###h#
###......g@.)#
.........g##############
#......g# #........####
#.......# #.######....#
##.....## #.# #.....
##...## #.# ##...#
##.### #.###########
#...# #......# #.(.#
#......######


You could see Natasha and 3 goblins.

Vanquished Creatures
  Robin (D:2)
  A dart slug (D:1)
  5 bats
  2 endoplasms (D:1)
  8 goblins
  5 hobgoblins
  6 ball pythons (D:1)
  3 kobolds (D:1)
  A rat (D:1)
32 creatures vanquished.

Notes
Turn   | Place    | Note
-------+----------+-------------------------------------------
     0 | D:1      | EiAlmux the Tengu Air Elementalist began the quest for the
                  | Orb.
     0 | D:1      | Reached XP level 1. HP: 10/10 MP: 4/4
   159 | D:1      | Found a faded altar of an unknown god.
   235 | D:1      | Reached XP level 2. HP: 16/16 MP: 3/6
   350 | D:1      | Reached skill level 1 in Fighting
   481 | D:1      | Learned a level 2 spell: Static Discharge
   814 | D:1      | Reached XP level 3. HP: 20/20 MP: 4/7
  1215 | D:2      | Noticed Robin
  1243 | D:2      | Noticed Natasha
  1249 | D:2      | Killed Robin
  1254 | D:2      | Killed from afar by Natasha

Illustrated notes

Levels and vault maps discovered:
D:1:      saegor_arrival_simple_d, layout_loops_ring,
          nicolae_ecumenical_snake_handling, st_stairs_8, minmay_three_crescents
D:2:      layout_loops_cross, uniq_natasha, uniq_robin

Skill      XL: |  1  2 |
---------------+-------+-----
Fighting       | 1 |  1.8
Conjurations   | 2 |  2.3
Dodging        | |  2.1
Stealth        | |  2.0
Spellcasting   | |  2.4
Air Magic      | |  4.5

Action                   || total
-------------------------++-------
Melee: Whip              ||     4
 Cast: Shock             ||    42
       Static Discharge  ||     3
  Use: Potion            ||     1
Armor: Robe              ||     2
Dodge: Dodged            ||    14

Table legend: (Time is in decaauts)
 A = Elapsed time spent in this place.
 B = Non-inter-level travel time spent in this place.
 C = Inter-level travel time spent in this place.
 D = Time resting spent in this place.
 E = Time spent auto-exploring this place.
 F = Levels seen in this place.
 G = Mean time per level.
                   A        B        C        D        E       F      G
               +--------+--------+--------+--------+--------+-----+--------+
         Total |   1254 |   1169 |     85 |      0 |   1023 |   2 |  627.0 |
       Dungeon |   1254 |   1169 |     85 |      0 |   1023 |   2 |  627.0 |
               +--------+--------+--------+--------+--------+-----+--------+

Top non-repeatable levels by time:
     D:1: 1127 daAuts
     D:2: 127 daAuts
